 Dungeon Crawl Stone Soup version 0.20-a0-1117-g62da73f (webtiles) character file.

294 HarryHood the Skirmisher (level 6, -1/41 HPs)
             Began as a Gargoyle Berserker on May 8, 2017.
             Was a Believer of Trog.
             Killed by divine providence
             ... invoked by an orc priest
              (14 damage)
             ... on level 3 of the Dungeon on May 10, 2017.
             The game lasted 00:07:04 (1971 turns).

HarryHood the Skirmisher (Gargoyle Berserker)       Turns: 1971, Time: 00:07:05

Health: -1/41      AC: 14    Str: 21    XL:     6   Next: 33%
Magic:  6/6        EV: 10    Int:  8    God:    Trog [**....]
Gold:   88         SH:  0    Dex: 10    Spells: 5/5 levels left

rFire    . . .     SeeInvis .   a - +0 mace
rCold    . . .     Gourm    .   (no shield)
rNeg     + . .     Faith    .   k - +0 scale mail
rPois    ∞         Spirit   .   (no helmet)
rElec    +         Reflect  .   j - +1 cloak {rPois}
rCorr    .         Harm     .   e - +0 pair of gloves
MR       .....                  (no boots)
Stlth    ..........             (no amulet)
Regen    0.2/turn               (no ring)
MPRegen  0.1/turn               (no ring)

@: no status effects
A: negative energy resistance 1, electricity resistance, unbreathing,
petrification resistance, rot immunity, AC +4
a: Berserk, Trog's Hand, Burn Spellbooks, Renounce Religion


You were on level 3 of the Dungeon.
You worshipped Trog.
Trog was pleased with you.
You were hungry.

You visited 1 branch of the dungeon, and saw 3 of its levels.

You collected 88 gold pieces.

Inventory:

Hand Weapons
 a - a +0 mace (weapon)
Armour
 e - a +0 pair of gloves (worn)
 j - a +1 cloak of poison resistance (worn)
 k - a +0 scale mail (worn)
 o - a +1 helmet
Scrolls
 g - 3 scrolls of teleportation {@r0}
 i - a scroll of random uselessness {unknown}
 l - a scroll of fear
 m - a scroll of fog {unknown}
 n - a scroll of remove curse {@r1}
 r - 2 scrolls of identify
Potions
 b - a potion of haste
 f - 3 potions of mutation {unknown}
 h - a potion of curing {unknown}
 p - a potion of ambrosia {unknown}
 q - a potion of agility {unknown}
 t - a potion of lignification {unknown}
Comestibles
 c - a bread ration {@e1}
 d - a meat ration {@e1}
 s - 4 fruits {@e2}


   Skills:
 - Level 6.0 Fighting
 * Level 5.1 Maces & Flails
 - Level 2.1 Armour
 - Level 1.5 Dodging


You had 5 spell levels left.
You didn't know any spells.

Dungeon Overview and Level Annotations

Branches:
Dungeon (3/15)

Altars:
Hepliaklqana

Annotations:
D:3 Grinder


Innate Abilities, Weirdness & Mutations

You are resistant to torment.
Your stone body is resilient. (AC +4)
You are immune to poison.
You resist negative energy. (rN+)
You are resistant to electric shocks. (rElec)
You can survive without breathing.
You are immune to petrification.
You are immune to rotting.


Message History

The orc hits you but does no damage.
An orc comes into view. It is wielding a dagger.
Grinder hits you but does no damage.
The orc priest looks encouraged for a moment.
The orc hits you but does no damage.
You can move again.
A kobold comes into view. It is wielding a dagger.
You take 11 damage, and have 14/41 hp.
MASSIVE DAMAGE!!
Grinder gestures at you.
You shrug off the repeated paralysis!
Grinder hits you but does no damage. Grinder gestures at you.
Pain shoots through your body!
* * * LOW HITPOINT WARNING * * *
You take 2 damage, and have 12/41 hp.
Grinder blinks!
You completely miss Grinder.
Grinder blinks!
The orc barely misses you.
The orc priest invokes the aid of Beogh against you.
Beogh smites you!
You die...

## ################# ..
.........oo.§...#####.#####
..K.....o...@.5............
..#############.#####.#.###
###.# .. ..#.# .# #.#.# #
#.#.# ########.#.##
............# ..
...#####.#..#...


You could see Grinder, an orc priest and 2 orcs.

Vanquished Creatures
  Sigmund (D:2)
  Natasha (D:2)
  Robin (D:2)
  3 gnolls (D:2)
  An adder (D:2)
  A worm (D:2)
  A dart slug (D:1)
  4 bats (D:1)
  11 giant cockroaches
  13 goblins
  10 hobgoblins
  2 kobolds
  A frilled lizard (D:2)
  7 rats
57 creatures vanquished.

Notes
Turn   | Place    | Note
-------+----------+-------------------------------------------
     0 | D:1      | HarryHood the Gargoyle Berserker began the quest for the Orb.
     0 | D:1      | Reached XP level 1. HP: 14/14 MP: 1/1
   142 | D:1      | Reached XP level 2. HP: 20/20 MP: 2/2
   192 | D:1      | Reached skill level 4 in Fighting
   479 | D:1      | Reached XP level 3. HP: 24/24 MP: 3/3
   536 | D:1      | You fall through a shaft!
   960 | D:2      | Noticed Sigmund
  1108 | D:2      | Upgraded the game from 0.20-a0-1116-gaa52201 to 0.20-a0-1117-g62da73f
  1164 | D:2      | Reached skill level 5 in Fighting
  1175 | D:2      | Reached ** piety under Trog
  1271 | D:2      | Found a hazy altar of Hepliaklqana.
  1336 | D:2      | Noticed Robin
  1350 | D:2      | Reached XP level 4. HP: 25/31 MP: 4/4
  1361 | D:2      | Killed Robin
  1444 | D:2      | Noticed a hippogriff
  1618 | D:2      | Reached skill level 6 in Fighting
  1694 | D:2      | Killed Sigmund
  1694 | D:2      | Reached skill level 4 in Maces & Flails
  1694 | D:2      | Reached XP level 5. HP: 36/36 MP: 5/5
  1694 | D:2      | Reached XP level 6. HP: 41/41 MP: 6/6
  1790 | D:2      | Noticed Natasha
  1799 | D:2      | Killed Natasha
  1799 | D:2      | Reached skill level 5 in Maces & Flails
  1914 | D:3      | Noticed Grinder
  1923 | D:3      | Paralysed by Grinder for 3 turns
  1931 | D:3      | Paralysed by Grinder for 6 turns
  1941 | D:3      | Paralysed by Grinder for 3 turns
  1959 | D:3      | Paralysed by Grinder for 7 turns
  1971 | D:3      | Killed from afar by an orc priest

Vault maps used:
D:1:      dpeg_arrival_oval
D:2:      minmay_roachtagon, lemuel_crystal_altar, minmay_statues_item,
          lightli_corner_chamber, uniq_natasha, uniq_sigmund, uniq_robin
D:3:      grunt_ministairs_1, uniq_grinder

Skill      XL: |  1  2  3  4  5  6 |
---------------+-------------------+-----
Fighting       | 4 5 6 |  6.0
Maces & Flails | 4 5 |  5.1
Armour         | |  2.1
Dodging        | |  1.5

Action                   |  1- 3 |  4- 6 || total
-------------------------+-------+-------++-------
Melee: Mace              |   151 |    99 ||   250
Invok: Berserk           |       |     1 ||     1
       Burn Spellbooks   |       |     1 ||     1
  Use: Scroll            |     4 |       ||     4
  Eat: Chunk             |     2 |     2 ||     4
Armor: Leather armour    |    36 |       ||    36
       Animal skin       |     2 |       ||     2
       Scale mail        |    55 |    55 ||   110
Dodge: Dodged            |    88 |    54 ||   142
